 Dungeon Crawl Stone Soup version 0.29-a0-824-gd827844252 (webtiles) character file.

Game seed: 12307153814554275512

17 mattiecakes the Magician (level 2, 21/21 HPs)
             Began as a Djinni Fire Elementalist on Apr 27, 2022.
             Quit the game on level 1 of the Dungeon on July 10, 2022.
             The game lasted 00:02:45 (746 turns).

mattiecakes the Magician (Djinni Fire Elementalist)  Turns: 746, Time: 00:02:45

Health: 21/21      AC:  3    Str:  7    XL:     2   Next: 80%
Gold:   78         EV: 12    Int: 16    God:
                   SH:  0    Dex: 13

rFire   + + .      SeeInvis .   h - +0 dagger
rCold   x . .      Faith    .   (no shield)
rNeg    . . .      Spirit   .   a - +0 robe
rPois   ∞          Reflect  .   b - +1 hat
rElec   .          Harm     .   (no cloak)
rCorr   .          Rampage  .   (no gloves)
Will    .....                   (boots unavailable)
Stlth   ++........              (no amulet)
HPRegen 0.07/turn               (no ring)
MPRegen 0.00/turn               (no ring)

@: flying
A: sickness immunity, fire resistance 2, cold vulnerability 1, float, innate
caster, HP casting, extra vitality 1
a: no special abilities


You were on level 1 of the Dungeon.
You visited 1 branch of the dungeon, and saw 1 of its levels.

You collected 78 gold pieces.

Inventory:

Hand Weapons
 h - a +0 dagger (weapon)
Armour
 a - a +0 robe (worn)
 b - a +1 hat (worn)
Scrolls
 e - a scroll of vulnerability {unknown}
 f - a scroll of enchant weapon {unknown}
 g - a scroll of enchant armour {unknown}
 l - a scroll of magic mapping {unknown}
Potions
 c - a potion of degeneration {unknown}
 d - 2 potions of resistance {unknown}
 i - a potion of mutation {unknown}
 j - a potion of curing {unknown}
 k - a potion of brilliance {unknown}


   Skills:
 - Level 2.1 Dodging
 - Level 1.5 Stealth
 + Level 3.1 Spellcasting


You couldn't memorise any spells.
You knew the following spells:

 Your Spells              Type           Power      Damage    Failure   Level
a - Foxfire               Conj/Fire      48%        2x1d6     5%          1
b - Scorch                Fire           24%        2d6       8%          2
c - Conjure Flame         Conj/Fire      12%        6-21      16%         3
d - Inner Flame           Hex/Fire       12%        N/A       16%         3
e - Flame Wave            Conj/Fire      12%        2d6       45%         4
Your spell library was empty.

Dungeon Overview and Level Annotations

Branches:
Dungeon (1/15)

Altars:


Innate Abilities, Weirdness & Mutations

You are immune to sickness and miasma.
You are immune to poison.
Your flesh is very heat resistant. (rF++)
You are vulnerable to cold. (rC-)
You float through the air rather than walking.
You learn spells naturally, not from books.
Your magical power is your life essence.
You have superior vitality. (+4 MHP)


Message History

HP restored.
Found a faded altar of an unknown god.
You see here a quokka corpse.
You now have 57 gold pieces (gained 9).
Found a scroll labelled MEIPUJ REO.
Things that are here:
a +0 short sword; a stone You now have 69 gold pieces (gained 12).
l - a scroll labelled MEIPUJ REO You see here a +0 club.
A ball python comes into view.
The ball python hisses angrily.
A ball python is nearby!
Casting: Foxfire (safe; 5% risk of failure)
Confirm with . or Enter, or press ? or * to list all spells.
You conjure some foxfire!
Your foxfire dissipates!
The foxfire hits the ball python.
You kill the ball python!
Casting: Foxfire (safe; 5% risk of failure)
Confirm with . or Enter, or press ? or * to list all spells.
You conjure some foxfire!
Your foxfire dissipates!
Your foxfire dissipates!
Things that are here:
a +0 short sword; a stone You see here a ball python corpse.
Found a leather armour.
You see here 21 stones.
You now have 75 gold pieces (gained 6).
You now have 78 gold pieces (gained 3).
Done exploring.
Done exploring.
Done exploring.
Done exploring.
Welcome back, mattiecakes the Djinni Fire Elementalist.
Press ? for a list of commands and other information.
Things that are here:
a +0 club; a goblin skeleton Are you sure you want to abandon this character and quit the game? (Confirm with "yes".)

.#### ..#.### ##### #.#...#
#...# #### #.....#
#...##########..#
####..####...#.....#.....##
........##................##
...........................#
..####..#....>.............#
.....#.......(..@..........#
..#.####...................#
..#.# #...................#
....# #..................##
....####.##........#.....##
.......#)#.......#########
.....#.#...#...###
..##...........##
.......##..##...#


There were no monsters in sight!

Vanquished Creatures
  2 goblins (D:1)
  3 hobgoblins (D:1)
  3 kobolds (D:1)
  A quokka (D:1)
  3 ball pythons (D:1)
  2 bats (D:1)
  2 frilled lizards (D:1)
16 creatures vanquished.

Vanquished Creatures (others)
  47 foxfires (D:1)
47 creatures vanquished.

Grand Total: 63 creatures vanquished

Notes
Turn   | Place    | Note
-------+----------+-------------------------------------------
     0 | D:1      | mattiecakes the Djinni Fire Elementalist began the quest
                  | for the Orb.
     0 | D:1      | Reached XP level 1. HP: 15/15 MP: 0/0
   196 | D:1      | Reached XP level 2. HP: 16/21 MP: 0/0
   451 | D:1      | Reached skill level 3 in Spellcasting
   561 | D:1      | Found a faded altar of an unknown god.
   739 | D:1      | Upgraded the game from 0.29-a0-359-g541a27f54d to
                  | 0.29-a0-824-gd827844252
   746 | D:1      | Quit the game

Illustrated notes

Levels and vault maps discovered:
D:1:      wander_arrival_fairy_ring, layout_rooms,
          chequers_ecumenical_altar_simple_redux, corexii_corridor_pit

Skill      XL: |  1  2 |
---------------+-------+-----
Spellcasting   | 3 |  3.1
Dodging        | |  2.1
Stealth        | |  1.5

Action                   || total
-------------------------++-------
 Cast: Foxfire           ||    28
Dodge: Dodged            ||     3

Table legend: (Time is in decaauts)
 A = Elapsed time spent in this place.
 B = Non-inter-level travel time spent in this place.
 C = Inter-level travel time spent in this place.
 D = Time resting spent in this place.
 E = Time spent auto-exploring this place.
 F = Levels seen in this place.
 G = Mean time per level.
                   A        B        C        D        E       F      G
               +--------+--------+--------+--------+--------+-----+--------+
         Total |    745 |    745 |      0 |     93 |    516 |   1 |  745.0 |
       Dungeon |    745 |    745 |      0 |     93 |    516 |   1 |  745.0 |
               +--------+--------+--------+--------+--------+-----+--------+

Top non-repeatable levels by time:
     D:1: 745 daAuts
